 Dungeon Crawl Stone Soup version 0.24.0-37-gcf1ca852f1 (webtiles) character file.

Game seed: 4941719151824398839, levelgen mode: deterministic

101858 Amplified the Unseen (level 16, -6/90 HPs)
             Began as a Vine Stalker Air Elementalist on Nov 20, 2019.
             Was a High Priest of Nemelex Xobeh.
             Mangled by a shambling mangrove (8 damage)
             ... on level 2 of the Swamp on Nov 21, 2019.
             The game lasted 00:49:57 (23292 turns).

Amplified the Unseen (VSAE)                        Turns: 23292, Time: 00:49:59

Health: -6/90      AC:  9    Str: 12    XL:     16   Next: 31%
Magic:  0/27       EV: 19    Int: 15    God:    Nemelex Xobeh [*****.]
Gold:   1260       SH:  9    Dex: 25    Spells: 14/19 levels left

rFire    + . .     SeeInvis .   z - +4 dagger (venom)
rCold    + . .     Gourm    .   p - +2 buckler
rNeg     . . .     Faith    .   v - +0 leather armour "Oheor" {*Slow rPois Dex+2 Slay+5} (curse)
rPois    +         Spirit   +   (no helmet)
rElec    +         Reflect  .   k - scarf {rC+ rF+}
rCorr    +         Harm     .   W - +1 pair of gloves of Qeobbige {rElec rCorr Dex+2}
MR       ++...                  w - +2 pair of boots
Stlth    +++++++...             X - amulet of the acrobat
HPRegen  1.05/turn              f - +5 ring of evasion
MPRegen  0.20/turn              b - +3 ring of slaying

@: grasped by roots, constricted
A: fangs 3, regeneration 2, magic shield, antimagic bite, no potion heal 3, rot
immunity
a: Draw Escape, Draw Destruction, Draw Summoning, Triple Draw, Deal Four, Stack
Five, Renounce Religion


You were on level 2 of the Swamp.
You worshipped Nemelex Xobeh.
Nemelex Xobeh was extremely pleased with you.
You were very hungry.

You visited 5 branches of the dungeon, and saw 26 of its levels.
You also visited: Bailey.

You collected 3441 gold pieces.
You spent 2181 gold pieces at shops.

Inventory:

Hand Weapons
 u - a +4 triple sword of slicing
 x - the +5 rapier "Puothasmi" {pain, Str+4}
   (You found it on level 9 of the Dungeon)

   In the hands of one skilled in necromantic magic, it inflicts extra damage on
   living creatures.
   It affects your strength (+4).
 z - a +4 dagger of venom (weapon)
 F - a +1 scimitar of electrocution
Missiles
 d - 675 stones
 e - 3 boomerangs of dispersal
 l - 64 poisoned darts
 t - 5 throwing nets (quivered)
Armour
 k - a scarf of resistance (worn)
 p - a +2 buckler (worn)
 v - the cursed +0 leather armour "Oheor" (worn) {*Slow rPois Dex+2 Slay+5}
   (You found it in a bailey)

   It affects your dexterity (+2).
   It affects your accuracy and damage with ranged weapons and melee attacks
   (+5).
   It protects you from poison.
   It may slow you when you take damage.
   It has a curse placed upon it.
 w - a +2 pair of boots (worn)
 W - the +1 pair of gloves of Qeobbige (worn) {rElec rCorr Dex+2}
   (You found it on level 13 of the Dungeon)

   It affects your dexterity (+2).
   It insulates you from electricity.
   It provides partial protection from all sources of acid and corrosion.
Jewellery
 b - a +3 ring of slaying (right hand)
 f - a +5 ring of evasion (left hand)
 j - the ring "Jeakleohe" {+Fly Str+2 Stlth+}
   (You found it on level 4 of the Lair of Beasts)

   [ring of flight]

   It affects your strength (+2).
   It lets you fly.
   It makes you more stealthy.
 n - an uncursed ring of positive energy
 s - an uncursed ring of protection from cold
 S - an uncursed ring of poison resistance
 X - an amulet of the acrobat (around neck)
Wands
 r - a wand of flame (38)
 C - a wand of polymorph (25)
 N - a wand of iceblast (9)
 O - a wand of enslavement (7)
 P - a wand of disintegration (30)
 Z - a wand of scattershot (4)
Scrolls
 i - 11 scrolls of remove curse
 q - 2 scrolls of amnesia
 y - 8 scrolls of identify
 D - 2 scrolls of magic mapping
 E - 5 scrolls of teleportation
 R - 2 scrolls of enchant weapon
 T - a scroll of summoning
 V - a scroll of fog
Potions
 a - 9 potions of curing
 g - 4 potions of brilliance
 m - 3 potions of might
 o - 7 potions of flight
 A - 5 potions of haste
 B - 3 potions of agility
 G - 3 potions of magic
 H - 7 potions of mutation
 I - 2 potions of ambrosia
 K - 2 potions of resistance
 M - 2 potions of berserk rage
 Q - a potion of invisibility
 Y - a potion of cancellation
Miscellaneous
 h - a fan of gales
Comestibles
 c - 37 rations


   Skills:
 + Level 12.4 Fighting
 - Level 10.2 Short Blades
 - Level 2.3 Throwing
 * Level 5.8 Armour
 * Level 5.9 Dodging
 - Level 16.8 Stealth
 - Level 4.8 Shields
 - Level 2.1 Spellcasting
   Level 1.0 Conjurations
 - Level 3.5 Hexes
   Level 3.0 Air Magic
 - Level 14.0 Invocations


You had 14 spell levels left.
You knew the following spells:

 Your Spells              Type           Power        Failure   Level  Hunger
a - Petrify               Tmut/Erth      #.......     95%         4    #####..
b - Confusing Touch       Hex            ##....       6%          1    #......

Your spell library contained the following spells:

 Spells                   Type           Power        Failure   Level  Hunger
 Shock                    Conj/Air       #...         12%         1    #......
 Confuse                  Hex            ##......     19%         3    ###....
 Swiftness                Chrm/Air       #.......     22%         2    ###....
 Animate Skeleton         Necr           N/A          28%         1    #......
 Apportation              Tloc           #.....       28%         1    #......
 Pain                     Necr           #...         28%         1    #......
 Summon Butterflies       Summ           #.......     28%         1    #......
 Summon Small Mammal      Summ           #...         28%         1    #......
 Static Discharge         Conj/Air       #.......     36%         3    ###....
 Call Canine Familiar     Summ           #.......     63%         3    ###....
 Gell's Gravitas          Tloc           #.........   63%         3    ###....
 Recall                   Summ/Tloc      N/A          63%         3    ###....
 Regeneration             Chrm/Necr      #.........   63%         3    ###....
 Vampiric Draining        Necr           #.........   63%         3    ###....
 Airstrike                Air            ##........   63%         4    #####..
 Animate Dead             Necr           N/A          95%         4    #####..
 Summon Ice Beast         Ice/Summ       #.......     95%         4    #####..
 Lightning Bolt           Conj/Air       #.........   98%         5    ######.
 Metabolic Englaciation   Hex/Ice        #.........   98%         5    ######.
 Summon Mana Viper        Hex/Summ       #.......     98%         5    ######.
 Yara's Violent Unravell  Hex/Tmut       #.........   98%         5    ######.
 Borgnjor's Vile Clutch   Necr/Erth      #.........   100%        5    ######.
 Death Channel            Necr           #.........   100%        6    #######
 Poison Arrow             Conj/Pois      #.........   100%        6    #######
 Simulacrum               Ice/Necr       #.........   100%        6    #######
 Summon Hydra             Summ           #.........   100%        7    #######
 Chain Lightning          Conj/Air       #.........   100%        8    #######
 Lehudib's Crystal Spear  Conj/Erth      #.........   100%        8    #######
 Fire Storm               Conj/Fire      #.........   100%        9    #######
 Glaciate                 Conj/Ice       #.........   100%        9    #######


Dungeon Overview and Level Annotations

Branches:
Dungeon (15/15)            Temple (1/1) D:6            Lair (6/6) D:8
  Swamp (2/4) Lair:3       Spider (0/4) Lair:3        Slime (0/5) Lair:5
    Orc (2/2) D:11            Elf (0/3) Orc:2        Vaults (0/5) D:14
 Depths (0/5) D:15         Bailey (visited)

Altars:
Ashenzari
Cheibriados
Elyvilon
Fedhas
Gozag
Hepliaklqana
Kikubaaqudgha
Makhleb
Nemelex Xobeh
Okawaru
Qazlal
Ru
Sif Muna
Trog
Uskayaw
Vehumet
Wu Jian
Xom
Yredelemnul
Zin
The Shining One
Beogh

Shops:
D:14 =!   Orc:2 [?*(=

Portals:
Hell: Lair:6


Innate Abilities, Weirdness & Mutations

You have razor-sharp teeth.
You heal very quickly.
When hurt, damage is shared between your health and your magic reserves.
Your bite disrupts and absorbs the magic of your enemies.
Potions cannot restore your health.
You are immune to rotting.


Message History

Unknown command.
Okay, then.
Okay, then.
You draw a card...
You have drawn Velocity.
The spriggan rider seems to slow down.
The bog body seems to slow down.
The shambling mangrove hits you but does no damage.
* * * LOW HITPOINT WARNING * * *
The grasping roots constrict you.
The spriggan rider hits you but does no damage.
Throwing (i - inventory. (/) - cycle)
t - 6 throwing nets (quivered)
Press: ? - help, Shift-Dir - straight line, f/p - shambling mangrove
Aim: a shambling mangrove (severely damaged, poisoned, covered in acid)
You throw a throwing net.
The throwing net hits the shambling mangrove.
The shambling mangrove is caught in the net!
The shambling mangrove is severely damaged.
The spriggan rider hits you from afar with a +0 spear!!
* * * LOW HITPOINT WARNING * * *
You die...
Your body disappears without a glow.

♣♣ ♣♣ ..♣♣♣.♣
..≈.≈♣.♣♣♣♣♣♣
.§≈.♣..§≈≈..♣♣♣♣ ♣♣♣≈
.♣?...≈♣≈<≈..i.♣♣.≈.≈
.≈.≈≈≈≈≈≈.≈≈≈≈≈≈≈.≈≈§≈
.≈≈≈..≈≈≈.≈...≈≈≈≈.≈≈≈
≈≈≈≈♣@f...≈≈≈≈≈≈.≈♣≈
♣..≈≈≈≈.♣♣.≈≈≈≈≈≈≈.≈≈≈
≈.≈≈≈≈≈i♣♣.≈..≈♣≈≈!D≈≈
≈.≈≈.≈♣≈≈♣♣≈♣.≈≈..≈♣≈.
....≈≈.≈. ♣♣≈..≈≈≈≈...
≈≈≈≈≈≈...♣♣≈≈≈.≈≈≈§≈≈≈
≈≈≈≈n≈.♣...≈.≈≈≈.≈≈§≈.
≈≈≈≈≈≈.♣.§≈f.≈.≈..≈≈.≈
♣.....≈...≈≈≈..


You could see a shambling mangrove (caught), 2 spriggan riders and a bog body.

Vanquished Creatures
  A ghost moth (Lair:5)
  2 orc warlords (Orc:2)
  An ironheart preserver (D:14)
  Nessos (Lair:5)
  A dire elephant (Lair:6)
  Josephine (D:11)
  The ghost of Teror the Lord of Darkness, a journeyman DsNe of Kikubaaqudgha (Lair:1)
  2 fire dragons (D:15)
  10 hydras
  Harold (D:8)
  An anaconda (Lair:6)
  2 death knights (D:12)
  2 alligators (Swamp:1)
  A centaur warrior (D:13)
  8 two-headed ogres
  2 ogre magi (D:15)
  2 queen ants
  7 death yaks
  4 orc high priests (Orc:2)
  Nergalle (Lair:4)
  2 skeletal warriors
  2 unseen horrors
  2 wizards
  A harpy (Lair:5)
  5 orc knights (Orc:2)
  An orc sorcerer (Orc:1)
  4 oklob plants (Lair:3)
  14 ugly things
  A deep elf mage (D:13)
  A cyclops (D:14)
  4 manticores
  2 elephants (Lair:6)
  A torpor snail (Lair:6)
  4 black mambas
  3 rime drakes (Lair:6)
  6 spiny frogs
  3 gargoyles
  A freezing wraith (D:12)
  3 komodo dragons
  An ice devil (Lair:6)
  6 trolls
  3 hornets
  A polar bear (Lair:1)
  A meliai (Lair:1)
  A wind drake (Lair:6)
  2 tyrant leeches (Swamp:1)
  A queen bee (shapeshifter) (D:14)
  Prince Ribbit (Lair:3)
  4 dream sheep (Lair:6)
  A queen bee (Lair:1)
  10 slime creatures
  11 blink frogs
  9 hippogriffs
  8 wraiths
  3 shadows (D:12)
  A vampire (D:12)
  A redback (Lair:3)
  6 basilisks
  47 yaks
  2 wyverns
  A tarantella (Lair:6)
  A golden eye (Lair:5)
  3 hungry ghosts
  A steam dragon (D:7)
  Edmund (D:6)
  3 wargs
  An acid dragon (D:15)
  7 soldier ants
  A floating eye (Lair:6)
  14 water moccasins
  3 hell hounds (Lair:6)
  4 ice beasts
  Duvessa (D:7)
  13 porcupines
  4 sky beasts
  2 black bears
  39 orc warriors
  2 necrophages
  10 ogres
  A swamp drake (Lair:5)
  2 phantoms (D:14)
  10 wolves
  3 centaurs
  13 crocodiles
  5 big kobolds
  12 bullfrogs
  11 gnoll sergeants
  A wyvern zombie (D:7)
  Dowan (D:7)
  A wyvern skeleton (D:10)
  3 scorpions
  A water moccasin skeleton (D:8)
  12 killer bees
  14 wights
  A vampire bat (D:6)
  An electric eel (Lair:3)
  4 howler monkeys
  2 crimson imps (D:9)
  3 centaur zombies
  A quasit (D:12)
  2 bullfrog zombies
  3 centaur skeletons
  7 hounds
  A bullfrog skeleton (D:9)
  7 gnoll shamans
  8 jellies
  16 orc priests
  3 iguanas
  25 orc wizards
  21 worker ants
  8 hell rats
  A hound zombie (D:8)
  2 hound skeletons (D:8)
  A howler monkey zombie (D:6)
  37 gnolls
  10 adders
  6 shadow imps
  7 oozes
  3 adder zombies
  4 adder skeletons
  3 worms (D:2)
  3 dart slugs
  7 leopard geckos
  87 orcs
  8 bats
  A bat skeleton (D:6)
  4 bat zombies (D:6)
  2 giant cockroaches (D:2)
  5 goblins
  6 hobgoblins
  3 jackals (D:2)
  32 kobolds
  4 quokkas
  2 ball pythons
  6 frilled lizards
  A leopard gecko zombie (D:7)
  8 rats
  16 fungi
  3 plants (Lair:3)
817 creatures vanquished.

Vanquished Creatures (collateral kills)
  Rupert (Lair:6)
  A death yak (Lair:6)
  A spiny frog (Lair:3)
  2 orange demons (Lair:6)
  An ice devil (Lair:6)
  A yak (Lair:6)
  A wyvern (Lair:5)
  A soldier ant (D:10)
  A hell hound (Lair:6)
  An orc warrior (Orc:2)
  A worker ant (D:10)
12 creatures vanquished.

Vanquished Creatures (others)
  A sixfirhy (Lair:6)
  An orange demon (Lair:6)
  A hellwing (Lair:6)
  An orc warrior (Orc:2)
  An orc priest (Orc:2)
  2 gnolls (D:10)
  4 ball lightnings
  2 orcs (Orc:2)
  5 fungi
  5 plants
23 creatures vanquished.

Grand Total: 852 creatures vanquished

Notes
Turn   | Place    | Note
-------+----------+-------------------------------------------
     0 | D:1      | Amplified the Vine Stalker Air Elementalist began the quest
                  | for the Orb.
     0 | D:1      | Reached XP level 1. HP: 9/9 MP: 4/4
   675 | D:1      | Reached skill level 1 in Fighting
   701 | D:1      | Reached XP level 2. HP: 14/14 MP: 1/6
   744 | D:1      | Reached skill level 3 in Stealth
  1108 | D:1      | Reached XP level 3. HP: 18/18 MP: 7/7
  1252 | D:2      | Learned a level 1 spell: Confusing Touch
  1415 | D:2      | Reached skill level 1 in Short Blades
  1660 | D:2      | Reached skill level 4 in Stealth
  1660 | D:2      | Gained mutation: Your natural rate of healing is unusually
                  | fast. [Vine Stalker growth]
  1660 | D:2      | Reached XP level 4. HP: 8/23 MP: 8/8
  2189 | D:3      | Reached XP level 5. HP: 26/26 MP: 9/9
  2285 | D:4      | Reached skill level 1 in Hexes
  2363 | D:4      | Reached XP level 6. HP: 27/32 MP: 6/10
  2593 | D:4      | Reached skill level 5 in Stealth
  2642 | D:4      | Found a white marble altar of Elyvilon.
  2836 | D:5      | Entered Level 5 of the Dungeon
  2900 | D:5      | Reached XP level 7. HP: 35/36 MP: 11/11
  2999 | D:5      | Reached skill level 6 in Stealth
  3405 | D:6      | Found a staircase to the Ecumenical Temple.
  3652 | D:6      | Found an ancient bone altar of Kikubaaqudgha.
  3670 | D:6      | Gained mutation: You have razor-sharp teeth. [Vine Stalker
                  | growth]
  3670 | D:6      | Reached XP level 8. HP: 37/42 MP: 10/12
  3799 | D:6      | Noticed Edmund
  3818 | D:6      | Killed Edmund
  3996 | D:7      | Found a burning altar of Makhleb.
  4015 | D:6      | Reached skill level 1 in Armour
  4111 | Temple   | Entered the Ecumenical Temple
  4340 | Temple   | Became a worshipper of Nemelex Xobeh the Trickster
  4471 | D:7      | Reached skill level 1 in Invocations
  4532 | D:7      | Received a gift from Nemelex Xobeh
  4679 | D:7      | Reached skill level 5 in Fighting
  4716 | D:7      | Reached XP level 9. HP: 42/47 MP: 13/13
  4721 | D:7      | Reached skill level 5 in Short Blades
  4764 | D:7      | Noticed Dowan
  4764 | D:7      | Noticed Duvessa
  4786 | D:7      | Killed Duvessa
  4850 | D:8      | Learned a level 4 spell: Petrify
  5080 | D:8      | Noticed Harold
  5095 | D:8      | Killed Harold
  5228 | D:8      | Reached * piety under Nemelex Xobeh
  5426 | D:8      | Reached XP level 10. HP: 23/53 MP: 6/14
  5501 | D:8      | Reached skill level 5 in Invocations
  5614 | D:8      | Received a gift from Nemelex Xobeh
  5749 | D:8      | Found a staircase to the Lair.
  5838 | D:8      | Identified a scroll of acquirement
  6172 | D:9      | Got a slimy rapier
  6173 | D:9      | Identified the +5 rapier "Puothasmi" {pain, Str+4} (You
                  | found it on level 9 of the Dungeon)
  6711 | D:9      | Found a sacrificial altar of Ru.
  7163 | D:10     | Entered Level 10 of the Dungeon
  7282 | D:10     | Noticed a queen ant
  7302 | D:10     | Killed a queen ant
  7311 | D:10     | Reached XP level 11. HP: 41/58 MP: 16/16
  7375 | D:10     | Identified the -1 quarterstaff of Malaise {drain, Str+6
                  | Dex+6}
  7589 | D:10     | Reached ** piety under Nemelex Xobeh
  7609 | D:10     | Received a gift from Nemelex Xobeh
  7842 | D:10     | Killed an unseen horror
  8349 | D:10     | Noticed a two-headed ogre
  8352 | D:10     | Killed a two-headed ogre
  8352 | D:10     | Reached skill level 7 in Stealth
  8677 | D:11     | Found a flagged portal.
  8684 | D:11     | Got an iridescent spear
  8685 | D:11     | Identified the +6 spear of True Grit {pierce, rPois} (You
                  | found it on level 11 of the Dungeon)
  8688 | Bailey   | Entered a bailey
  9373 | Bailey   | Got a jewelled leather armour
  9385 | Bailey   | Identified the cursed +0 leather armour "Oheor" {*Slow
                  | rPois Dex+2 Slay+5} (You found it in a bailey)
  9454 | D:11     | Noticed Josephine
  9461 | D:11     | Killed Josephine
  9461 | D:11     | Reached skill level 8 in Stealth
  9474 | D:11     | Gained mutation: You heal very quickly. [Vine Stalker
                  | growth]
  9474 | D:11     | Reached XP level 12. HP: 51/65 MP: 19/19
  9557 | D:11     | Found a shattered altar of Ashenzari.
  9558 | D:11     | Reached *** piety under Nemelex Xobeh
  9847 | D:11     | Noticed a two-headed ogre
  9862 | D:11     | Killed a two-headed ogre
  9924 | D:11     | Found a staircase to the Orcish Mines.
 10313 | D:12     | Reached skill level 10 in Short Blades
 10529 | Lair:1   | Entered Level 1 of the Lair of Beasts
 10606 | Lair:1   | Noticed a four-headed hydra
 10614 | Lair:1   | Killed a four-headed hydra
 10614 | Lair:1   | Reached skill level 1 in Throwing
 10614 | Lair:1   | Reached skill level 9 in Stealth
 10638 | Lair:1   | Received a gift from Nemelex Xobeh
 10664 | Lair:1   | Found a transporter.
 10664 | Lair:1   | Found a transporter.
 10669 | Lair:1   | Noticed Teror's ghost (journeyman DsNe)
 10752 | Lair:1   | Reached **** piety under Nemelex Xobeh
 10936 | Lair:1   | Received a gift from Nemelex Xobeh
 11299 | Lair:1   | Got a distressingly furry leather armour
 11300 | Lair:1   | Identified the +1 leather armour of the Six Continents
                  | {Dex+7} (You found it on level 1 of the Lair of Beasts)
 11518 | Lair:2   | Received a gift from Nemelex Xobeh
 11529 | Lair:2   | Reached skill level 10 in Stealth
 11858 | Lair:2   | Received a gift from Nemelex Xobeh
 11912 | Lair:2   | Noticed a four-headed hydra
 11919 | Lair:2   | Killed a four-headed hydra
 11919 | Lair:2   | Reached XP level 13. HP: 70/70 MP: 20/20
 11954 | Lair:2   | Received a gift from Nemelex Xobeh
 12183 | Lair:3   | Found a staircase to the Swamp.
 12200 | Lair:3   | Reached ***** piety under Nemelex Xobeh
 12221 | Lair:3   | Found a hole to the Spider Nest.
 12349 | Lair:3   | Received a gift from Nemelex Xobeh
 12451 | Lair:3   | Reached skill level 11 in Stealth
 12467 | Lair:3   | Noticed Prince Ribbit
 12476 | Lair:3   | Killed Prince Ribbit
 12603 | Lair:3   | Received a gift from Nemelex Xobeh
 13023 | Lair:4   | Received a gift from Nemelex Xobeh
 13112 | Lair:4   | Noticed Nergalle
 13123 | Lair:4   | Reached skill level 10 in Invocations
 13140 | Lair:4   | Killed Nergalle
 13287 | Lair:4   | Got a scorched lapis lazuli ring
 13295 | Lair:4   | Received a gift from Nemelex Xobeh
 13296 | Lair:4   | Identified the ring "Jeakleohe" {+Fly Str+2 Stlth+} (You
                  | found it on level 4 of the Lair of Beasts)
 13807 | Lair:5   | Reached ****** piety under Nemelex Xobeh
 13837 | Lair:5   | Received a gift from Nemelex Xobeh
 13892 | Lair:5   | Reached skill level 10 in Fighting
 13923 | Lair:5   | Reached skill level 12 in Stealth
 13993 | Lair:5   | Found a staircase to the Slime Pits.
 14197 | Lair:5   | Received a gift from Nemelex Xobeh
 14365 | Lair:5   | Noticed Nessos
 14372 | Lair:5   | Killed Nessos
 14440 | Lair:5   | Killed a ghost moth
 14481 | Lair:5   | Reached skill level 13 in Stealth
 14564 | Lair:5   | Received a gift from Nemelex Xobeh
 14941 | Lair:6   | Entered Level 6 of the Lair of Beasts
 14977 | Lair:6   | Reached XP level 14. HP: 77/77 MP: 23/23
 15150 | Lair:6   | Received a gift from Nemelex Xobeh
 15283 | Lair:6   | Reached skill level 14 in Stealth
 15390 | Lair:6   | Noticed Sonja
 15393 | Lair:6   | Noticed Sonja
 15393 | Lair:6   | Sonja changed into Sonja the black bear
 15394 | Lair:6   | Paralysed by a floating eye for 2 turns
 15397 | Lair:6   | Killed Sonja the black bear
 15416 | Lair:6   | Received a gift from Nemelex Xobeh
 15478 | Lair:6   | Noticed a dire elephant
 15627 | Lair:6   | Killed a dire elephant
 15652 | Lair:6   | Found a burning altar of Makhleb.
 15682 | Lair:6   | Found a gateway to Hell.
 15825 | Lair:6   | Noticed Rupert
 15848 | Lair:6   | Killed Rupert
 15848 | Lair:6   | Reached skill level 15 in Stealth
 15976 | Lair:6   | Received a gift from Nemelex Xobeh
 16064 | Lair:6   | HP: 1/79 [eight-headed hydra (9)]
 16528 | Orc:1    | Entered Level 1 of the Orcish Mines
 16615 | Orc:1    | Found a roughly hewn altar of Beogh.
 16622 | Orc:1    | Received a gift from Nemelex Xobeh
 16863 | Orc:2    | Entered Level 2 of the Orcish Mines
 16865 | Orc:2    | Found Caef's Antique Weapon Shoppe.
 16865 | Orc:2    | Noticed an orc warlord
 16981 | Orc:2    | Killed an orc warlord
 16981 | Orc:2    | Reached XP level 15. HP: 83/83 MP: 21/25
 17033 | Orc:2    | Found Socal's Distillery.
 17063 | Orc:2    | Received a gift from Nemelex Xobeh
 17066 | Orc:2    | Bought a potion of curing for 36 gold pieces
 17066 | Orc:2    | Bought a potion of curing for 36 gold pieces
 17066 | Orc:2    | Bought a potion of haste for 120 gold pieces
 17066 | Orc:2    | Bought a potion of might for 48 gold pieces
 17066 | Orc:2    | Bought a potion of resistance for 120 gold pieces
 17066 | Orc:2    | Bought a potion of berserk rage for 60 gold pieces
 17066 | Orc:2    | Bought a potion of mutation for 96 gold pieces
 17066 | Orc:2    | Bought 2 potions of mutation for 192 gold pieces
 17066 | Orc:2    | Bought a potion of might for 48 gold pieces
 17066 | Orc:2    | Bought a potion of brilliance for 48 gold pieces
 17104 | Orc:2    | Found Innit's Jewellery Boutique.
 17295 | Orc:2    | Found Faywkor's General Store.
 17319 | Orc:2    | Reached skill level 16 in Stealth
 17366 | Orc:2    | Bought a scroll of enchant weapon for 112 gold pieces
 17366 | Orc:2    | Bought a potion of agility for 60 gold pieces
 17402 | Orc:2    | Found Cunoav's Antique Armour Emporium.
 17432 | Orc:2    | Found Piogg's Magic Scroll Shoppe.
 17461 | Orc:2    | Found a staircase to the Elven Halls.
 17463 | Orc:2    | Bought a scroll of teleportation for 51 gold pieces
 17463 | Orc:2    | Bought 2 scrolls of enchant armour for 255 gold pieces
 17463 | Orc:2    | Bought a scroll of identify for 34 gold pieces
 17463 | Orc:2    | Bought a scroll of identify for 34 gold pieces
 17463 | Orc:2    | Bought a scroll of identify for 34 gold pieces
 17463 | Orc:2    | Bought a scroll of summoning for 161 gold pieces
 17463 | Orc:2    | Bought a scroll of identify for 34 gold pieces
 17566 | Orc:2    | Noticed an orc warlord
 17583 | Orc:2    | Killed an orc warlord
 17589 | Orc:2    | Found a roughly hewn altar of Beogh.
 18130 | Orc:1    | Received a gift from Nemelex Xobeh
 18232 | Orc:1    | Upgraded the game from 0.24.0-35-gdb84b6a5db to
                  | 0.24.0-37-gcf1ca852f1
 18598 | D:7      | Received a gift from Nemelex Xobeh
 18664 | D:7      | Killed Dowan
 19461 | D:12     | Received a gift from Nemelex Xobeh
 20002 | D:13     | Received a gift from Nemelex Xobeh
 20013 | D:13     | Got a pair of warped gloves
 20014 | D:13     | Identified the +1 pair of gloves of Qeobbige {rElec rCorr
                  | Dex+2} (You found it on level 13 of the Dungeon)
 20655 | D:13     | Received a gift from Nemelex Xobeh
 21043 | D:14     | Found Fifu's Distillery.
 21046 | D:14     | Bought a potion of mutation for 112 gold pieces
 21046 | D:14     | Bought a potion of mutation for 112 gold pieces
 21046 | D:14     | Bought a potion of resistance for 140 gold pieces
 21046 | D:14     | Bought a potion of mutation for 112 gold pieces
 21046 | D:14     | Bought a potion of curing for 42 gold pieces
 21046 | D:14     | Bought a potion of curing for 42 gold pieces
 21046 | D:14     | Bought a potion of curing for 42 gold pieces
 21072 | D:14     | Found Efalinagh's Jewellery Emporium.
 21097 | D:14     | Reached skill level 5 in Dodging
 21183 | D:14     | Received a gift from Nemelex Xobeh
 21300 | D:14     | Found a gate to the Vaults.
 21321 | D:14     | Reached skill level 1 in Shields
 21725 | D:15     | Entered Level 15 of the Dungeon
 21939 | D:15     | Reached XP level 16. HP: 88/88 MP: 27/27
 21977 | D:15     | Received a gift from Nemelex Xobeh
 22033 | D:15     | Found a staircase to the Depths.
 22035 | D:15     | Reached skill level 5 in Armour
 22759 | Lair:1   | Killed Teror's ghost
 22965 | Lair:3   | Received a gift from Nemelex Xobeh
 23155 | Swamp:1  | Entered Level 1 of the Swamp
 23292 | Swamp:2  | HP: 2/90 [spriggan rider/+0 spear (13)]
 23292 | Swamp:2  | Mangled by a shambling mangrove

Levels and vault maps discovered:
D:1:      minmay_arrival_solitary_statue, layout_basic, hex_tiny,
          ebering_dispersal_statue_hall, hangedman_feature_mirror
D:2:      layout_basic, first_ration
D:3:      layout_basic
D:4:      layout_rooms, old_standard_altar, serial_bayou_pond_e
D:5:      layout_cave_pods, kennysheep_mini
D:6:      layout_cave_pools, kennysheep_vampire_church,
          minmay_temple_entry_grid, kennysheep_generic_room_10, uniq_edmund
D:7:      layout_cave_pools, bloody_makhleb, st_stairs_11, uniq_duvessa
D:8:      layout_basic, grunt_lair_entry_orc_guard_hut, minivault_23,
          hangedman_little_slice_of_home, minmay_strange_pillars, uniq_harold
D:9:      layout_long_grid, minivault_4, nicolae_ru_the_path_less_chosen
D:10:     layout_grid_maze, minmay_another_anthill
D:11:     layout_roguey, david_orc_1_choice, enter_bailey_2,
          evilmike_ruin_ashenzari, uniq_josephine
D:12:     layout_long_grid, lightli_fourway_metalbox
D:13:     wad_mega_maze, layout_long_grid
D:14:     layout_rooms, skrybe_vaults_entry_preservation, serial_shops,
          nicolae_shop_behind_doors, nicolae_shop_trees,
          chequers_serial_rivers_marsh
D:15:     grunt_enter_depths_hoard, layout_irregular_city
Temple:   dpeg_five_rooms_temple
Lair:1:   layout_regular_city, gammafunk_ghost_hive
Lair:2:   layout_cave_shapes
Lair:3:   minmay_lair_oklob_tunnel, layout_regular_city, swamp_mist_pool,
          spider_nest_entry_webs, uniq_prince_ribbit2
Lair:4:   layout_regular_city, grunt_megastairs_4, uniq_nergalle
Lair:5:   layout_cave_pods, minmay_slime_entry_pillars,
          kennysheep_basilisk_garden, uniq_nessos
Lair:6:   evil_forest, layout_big_grid, minmay_shattered_shrine, uniq_rupert,
          uniq_sonja
Swamp:1:  layout_falls_marsh, evilmike_swamp_ruin_house_4
Swamp:2:  layout_falls_marsh, evilmike_swamp_ruin_rubble_2
Orc:1:    nicolae_orc_accident_3, layout_caves, basic_altar
Orc:2:    grunt_orc_gardens, layout_diamond_mine, grunt_orc_garden,
          grunt_orc_garden, grunt_orc_garden, grunt_orc_garden, serial_shops,
          shop, nicolae_shop_temple_entry_statues_fountains, minmay_orc_temple_b

Skill      XL: |  1  2  3  4  5  6  7  8  9 10 11 12 13 14 15 16 |
---------------+-------------------------------------------------+-----
Fighting       | 1 2 3 4 5 6 7 8 9 10 11 12 | 12.4
Stealth        | 3 4 5 6 8 10 13 15 16 | 16.8
Short Blades   | 1 2 3 4 6 7 8 10 | 10.2
Hexes          | 1 2 3 |  3.5
Armour         | 2 4 5 |  5.8
Invocations    | 2 4 6 8 9 11 13 14 | 14.0
Dodging        | 3 4 5 |  5.9
Throwing       | 2 |  2.3
Shields        | 4 |  4.8
Spellcasting   | |  2.1
Conjurations   | |  1.0
Air Magic      | |  3.0

Action                   |  1- 3 |  4- 6 |  7- 9 | 10-12 | 13-15 | 16-18 || total
-------------------------+-------+-------+-------+-------+-------+-------++-------
Melee: Unarmed           |     9 |       |       |       |       |       ||     9
       Bite              |    30 |    33 |   140 |   363 |   455 |   101 ||  1122
       Dagger            |    86 |   131 |   369 |   713 |  1030 |   182 ||  2511
       Rapier            |       |       |       |    99 |       |       ||    99
       Quarterstaff      |       |       |       |     6 |       |       ||     6
       Spear             |       |       |       |    39 |       |       ||    39
Throw: Stone             |     1 |       |     1 |     1 |       |       ||     3
       Dart              |       |       |       |     2 |       |       ||     2
       Throwing net      |       |       |       |     1 |     5 |     3 ||     9
 Cast: Shock             |    12 |       |       |       |       |       ||    12
       Confusing Touch   |     2 |     6 |       |       |       |       ||     8
Invok: Triple Draw       |       |       |       |       |     2 |       ||     2
 Abil: Draw Destruction  |       |       |     5 |    15 |    49 |     2 ||    71
       Draw Escape       |       |       |     5 |     3 |     1 |     1 ||    10
       Draw Summoning    |       |       |       |     1 |       |       ||     1
Evoke: Wand              |       |       |    10 |    26 |    15 |       ||    51
       Fan of gales      |       |       |       |     1 |     1 |       ||     2
  Use: Scroll            |     4 |     6 |    15 |    15 |    14 |     7 ||    61
       Potion            |     3 |       |     4 |     4 |     6 |     1 ||    18
 Stab: Sleeping          |     1 |    13 |     4 |    33 |    54 |     8 ||   113
       Confused          |     1 |     2 |       |     1 |       |       ||     4
       Distracted        |       |       |     2 |     4 |     4 |     1 ||    11
       Petrified         |       |       |       |     4 |       |       ||     4
       Paralysed         |       |       |       |     1 |       |       ||     1
       Held in net/web   |       |       |       |     2 |     5 |       ||     7
       Invisible         |       |       |       |       |     7 |    10 ||    17
  Eat: Chunk             |     2 |     2 |     9 |    15 |    15 |       ||    43
       Ration            |       |     1 |       |     2 |     6 |       ||     9
Armor: Robe              |    27 |    10 |    54 |    49 |       |       ||   140
       Skin              |       |       |     7 |       |       |       ||     7
       Leather armour    |       |       |       |    23 |   124 |    18 ||   165
Dodge: Dodged            |   122 |    97 |   290 |   548 |   625 |    42 ||  1724
Block: Buckler           |       |       |       |       |    16 |    30 ||    46
